[ AOE2 MATCH · #477338922 ]
UnrankedByzantines vs Japanese
[ REPLAY ANALYSIS · EXTRACTED FROM THE RECORDED GAME ]
Feudal
—
Castle
—
Imperial
—
| APM avg | 23.3 |
| APM peak | 53 |
| eAPM avg | 15.9 |
| Villagers / military | 144 / 199 |
Focus
⚔️ 28.7% · 🌾 71.3%
Skirmisher ×63 · Archer ×52 · Camel Scout ×44 · Cataphract ×25 · Trebuchet (Packed) ×8 · Hand Cannoneer ×6
Feudal
—
Castle
—
Imperial
—
| APM avg | 25.4 |
| APM peak | 49 |
| eAPM avg | 18.7 |
| Villagers / military | 133 / 268 |
Focus
⚔️ 42.1% · 🌾 57.9%
Samurai ×184 · Skirmisher ×39 · Spearman ×34 · Trebuchet (Packed) ×8 · Petard ×2 · Militia ×1
Feudal
—
Castle
—
Imperial
—
| APM avg | 35.8 |
| APM peak | 169 |
| eAPM avg | 33.9 |
| Villagers / military | 226 / 117 |
Focus
⚔️ 20.7% · 🌾 79.3%
Scorpion ×60 · Militia ×37 · Spearman ×14 · Mangonel ×2 · Battering Ram ×2 · Trebuchet (Packed) ×2
Feudal
—
Castle
—
Imperial
—
| APM avg | 23.3 |
| APM peak | 73 |
| eAPM avg | 14.2 |
| Villagers / military | 91 / 128 |
Focus
⚔️ 24.5% · 🌾 75.5%
Battle Elephant ×82 · Spearman ×43 · Trebuchet (Packed) ×3
Match map
Initial resources + every placement click. Lines = walls · curves = elevation contours. ◆ gold · ⬟ stone · ● berries · ✦ relic · ◌ wall gap
Your base· ✓ Closed at 13:02 · 0t walls · 3 gate(s)
Wilbur's base· ✓ Closed at 13:27 · 0t walls · 3 gate(s)
CorpOSK's base· ✓ Closed at 13:55 · 0t walls · 3 gate(s)
Thatmanzay's base· ✓ Closed at 15:01 · 0t walls · 3 gate(s)
Smoothed initial terrain · ◌ = detected wall gap · hover for details
Inputs per minute
— Hawk of Avalon - - Wilbur
Build order — Hawk of Avalon
First 150 of 390 actions detected
| 0:03 | Create | Villager (Male) ×4 |
| 0:05 | Build | House |
| 0:07 | Build | House |
| 1:28 | Create | Villager (Male) |
| 1:53 | Build | Lumber Camp |
| 1:58 | Create | Villager (Male) |
| 2:30 | Create | Villager (Male) |
| 3:01 | Create | Villager (Male) |
| 3:02 | Create | Villager (Male) |
| 3:34 | Build | Mill |
| 3:47 | Build | House |
| 3:56 | Create | Villager (Male) |
| 4:07 | Create | Villager (Male) |
| 4:32 | Create | Villager (Male) |
| 4:32 | Create | Villager (Male) |
| 5:01 | Create | Villager (Male) |
| 5:25 | Build | House |
| 5:38 | Create | Villager (Male) |
| 5:49 | Create | Villager (Male) |
| 6:08 | Create | Villager (Male) |
| 6:08 | Create | Villager (Male) |
| 6:09 | Create | Villager (Male) |
| 6:26 | Create | Villager (Male) |
| 6:41 | Create | Villager (Male) |
| 7:04 | Create | Villager (Male) |
| 7:04 | Create | Villager (Male) |
| 7:22 | Build | Lumber Camp |
| 7:34 | Create | Villager (Male) |
| 7:53 | Build | House |
| 7:58 | Build | Barracks |
| 8:33 | Research | Loom |
| 8:38 | Build | Mining Camp |
| 8:56 | Research | Feudal Age |
| 9:06 | Build | House |
| 9:09 | Build | House |
| 10:04 | Create | Villager (Male) |
| 10:05 | Create | Villager (Male) |
| 10:05 | Create | Villager (Male) |
| 12:02 | Build | Archery Range |
| 12:06 | Build | Blacksmith |
| 12:35 | Build | Mining Camp |
| 12:59 | Build | Farm |
| 13:02 | Research | Castle Age |
| 13:09 | Research | Double-Bit Axe |
| 13:18 | Build | Farm |
| 13:28 | Build | Farm |
| 13:49 | Build | Farm |
| 13:52 | Build | Farm |
| 14:06 | Build | Farm |
| 14:08 | Build | Farm |
| 14:11 | Build | Farm |
| 14:41 | Build | Farm |
| 14:59 | Build | Farm |
| 15:01 | Build | Farm |
| 15:20 | Build | Farm |
| 15:22 | Build | Farm |
| 16:02 | Create | Villager (Male) |
| 16:02 | Create | Villager (Male) |
| 16:08 | Create | Villager (Male) |
| 16:08 | Create | Villager (Male) |
| 16:08 | Create | Villager (Male) |
| 16:10 | Create | Villager (Male) |
| 16:22 | Build | Town Center |
| 16:49 | Research | Bow Saw |
| 16:54 | Create | Villager (Male) |
| 16:55 | Create | Villager (Male) |
| 17:00 | Build | House |
| 17:02 | Build | House |
| 17:31 | Research | Horse Collar |
| 17:51 | Build | Farm |
| 17:54 | Build | Farm |
| 17:58 | Create | Villager (Male) |
| 17:58 | Create | Villager (Male) |
| 17:58 | Create | Villager (Male) |
| 17:59 | Create | Villager (Male) |
| 18:00 | Create | Villager (Male) |
| 18:00 | Create | Villager (Male) |
| 18:02 | Create | Villager (Male) |
| 18:06 | Build | Farm |
| 18:08 | Build | Farm |
| 18:12 | Create | Villager (Male) |
| 18:34 | Build | Monastery |
| 18:41 | Create | Villager (Male) |
| 18:44 | Create | Villager (Male) |
| 18:44 | Create | Villager (Male) |
| 18:47 | Create | Villager (Male) |
| 19:03 | Build | Stable |
| 19:23 | Create | Monk |
| 19:50 | Create | Villager (Male) |
| 19:54 | Create | Villager (Male) |
| 20:11 | Build | Town Center |
| 20:38 | Create | Camel Scout |
| 20:39 | Create | Camel Scout |
| 20:40 | Create | Camel Scout |
| 20:48 | Build | House |
| 20:50 | Build | House |
| 20:58 | Build | House |
| 21:00 | Build | House |
| 21:04 | Build | House |
| 21:12 | Research | Wheelbarrow |
| 21:22 | Research | Husbandry |
| 21:31 | Research | Gold Mining |
| 21:33 | Research | Heavy Plow |
| 21:37 | Create | Villager (Male) |
| 21:37 | Create | Villager (Male) |
| 21:41 | Create | Villager (Male) |
| 21:41 | Create | Villager (Male) |
| 21:41 | Create | Villager (Male) |
| 21:42 | Create | Villager (Male) |
| 21:42 | Create | Villager (Male) |
| 21:58 | Create | Villager (Male) |
| 21:59 | Create | Villager (Male) |
| 22:07 | Build | House |
| 22:08 | Build | House |
| 22:10 | Build | House |
| 22:11 | Build | House |
| 22:21 | Create | Villager (Male) |
| 22:22 | Create | Villager (Male) |
| 22:30 | Create | Villager (Male) |
| 22:30 | Create | Villager (Male) |
| 22:30 | Create | Villager (Male) |
| 22:30 | Create | Villager (Male) |
| 22:31 | Create | Villager (Male) |
| 22:44 | Build | University |
| 22:47 | Build | Market |
| 23:00 | Create | Villager (Male) |
| 23:08 | Create | Villager (Male) |
| 23:08 | Create | Villager (Male) |
| 23:09 | Create | Villager (Male) |
| 23:10 | Create | Villager (Male) |
| 23:25 | Build | Farm |
| 23:29 | Build | House |
| 23:31 | Build | House |
| 23:35 | Build | Farm |
| 23:45 | Create | Villager (Male) |
| 23:56 | Build | Farm |
| 24:01 | Research | Treadmill Crane |
| 24:04 | Build | Farm |
| 24:12 | Create | Villager (Male) |
| 24:12 | Create | Villager (Male) |
| 24:27 | Build | Farm |
| 24:44 | Research | Stone Mining |
| 24:49 | Create | Villager (Male) |
| 24:50 | Create | Villager (Male) |
| 24:55 | Build | Farm |
| 24:57 | Build | Farm |
| 25:00 | Build | Farm |
| 25:04 | Create | Villager (Male) |
| 25:04 | Create | Villager (Male) |
| 25:04 | Create | Villager (Male) |
Build order — Wilbur
First 150 of 534 actions detected
| 0:02 | Create | Villager (Male) |
| 0:02 | Create | Villager (Male) |
| 0:02 | Create | Villager (Male) |
| 0:04 | Build | House |
| 0:05 | Build | House |
| 0:24 | Create | Villager (Male) |
| 1:34 | Build | Lumber Camp |
| 1:36 | Create | Villager (Male) |
| 1:36 | Create | Villager (Male) |
| 1:57 | Create | Villager (Male) |
| 2:31 | Create | Villager (Male) |
| 2:31 | Create | Villager (Male) |
| 3:01 | Create | Villager (Male) |
| 3:09 | Build | House |
| 3:15 | Create | Villager (Male) |
| 3:51 | Create | Villager (Male) |
| 4:19 | Create | Villager (Male) |
| 4:26 | Create | Villager (Male) |
| 5:16 | Create | Villager (Male) |
| 5:20 | Create | Villager (Male) |
| 5:20 | Create | Villager (Male) |
| 5:28 | Build | Mill |
| 5:43 | Create | Villager (Male) |
| 5:48 | Build | House |
| 6:26 | Create | Villager (Male) |
| 6:27 | Create | Villager (Male) |
| 6:37 | Create | Villager (Male) |
| 7:27 | Create | Villager (Male) |
| 7:31 | Build | House |
| 8:13 | Create | Villager (Male) |
| 8:18 | Create | Villager (Male) |
| 8:18 | Create | Villager (Male) |
| 8:19 | Create | Villager (Male) |
| 8:42 | Build | Farm |
| 9:09 | Build | Farm |
| 9:27 | Create | Villager (Male) |
| 9:31 | Build | Farm |
| 9:37 | Build | House |
| 9:55 | Build | Farm |
| 10:09 | Research | Feudal Age |
| 10:18 | Build | Mining Camp |
| 10:21 | Build | Farm |
| 10:45 | Build | Mining Camp |
| 10:51 | Build | Mining Camp |
| 12:36 | Build | Market |
| 12:40 | Build | Blacksmith |
| 12:43 | Create | Villager (Male) |
| 12:47 | Research | Double-Bit Axe |
| 13:27 | Research | Castle Age |
| 13:40 | Build | Farm |
| 13:40 | Build | Farm |
| 13:43 | Build | Farm |
| 13:43 | Build | Farm |
| 14:30 | Build | Farm |
| 14:44 | Research | Horse Collar |
| 14:47 | Research | Gold Mining |
| 14:49 | Research | Stone Mining |
| 14:53 | Research | Stone Mining |
| 16:13 | Research | Bow Saw |
| 16:14 | Research | Heavy Plow |
| 16:28 | Build | Town Center |
| 16:38 | Create | Villager (Male) |
| 16:45 | Create | Villager (Male) |
| 17:31 | Create | Villager (Male) |
| 17:57 | Create | Villager (Male) |
| 17:58 | Create | Villager (Male) |
| 17:59 | Create | Villager (Male) |
| 18:00 | Create | Villager (Male) |
| 18:01 | Create | Villager (Male) |
| 18:01 | Create | Villager (Male) |
| 18:08 | Create | Villager (Male) |
| 18:20 | Create | Villager (Male) |
| 18:25 | Build | Farm |
| 18:28 | Build | Farm |
| 18:28 | Build | Farm |
| 18:38 | Build | Lumber Camp |
| 18:50 | Build | Castle |
| 18:56 | Build | House |
| 19:03 | Create | Villager (Male) |
| 19:03 | Create | Villager (Male) |
| 19:03 | Create | Villager (Male) |
| 19:10 | Build | House |
| 19:14 | Create | Villager (Male) |
| 19:39 | Create | Villager (Male) |
| 19:41 | Build | Farm |
| 19:47 | Build | Mill |
| 19:49 | Build | Farm |
| 19:50 | Build | Farm |
| 19:51 | Build | Farm |
| 19:51 | Build | Farm |
| 19:52 | Build | Farm |
| 19:53 | Build | Farm |
| 19:54 | Build | Farm |
| 19:57 | Create | Villager (Male) |
| 20:01 | Create | Villager (Male) |
| 20:10 | Create | Villager (Male) |
| 20:25 | Create | Villager (Male) |
| 20:36 | Create | Villager (Male) |
| 20:40 | Build | Farm |
| 20:46 | Create | Villager (Male) |
| 20:50 | Create | Villager (Male) |
| 21:00 | Build | House |
| 21:02 | Build | House |
| 21:03 | Build | House |
| 21:05 | Create | Villager (Male) |
| 21:20 | Create | Villager (Male) |
| 21:20 | Create | Villager (Male) |
| 21:20 | Create | Villager (Male) |
| 21:27 | Build | Farm |
| 21:36 | Create | Villager (Male) |
| 21:51 | Create | Villager (Male) |
| 21:55 | Create | Villager (Male) |
| 21:56 | Create | Villager (Male) |
| 22:06 | Create | Villager (Male) |
| 22:06 | Create | Villager (Male) |
| 22:15 | Build | Mill |
| 22:16 | Build | Farm |
| 22:16 | Build | Farm |
| 22:16 | Build | Farm |
| 22:17 | Build | Farm |
| 22:17 | Build | Farm |
| 22:17 | Build | Farm |
| 22:18 | Build | Farm |
| 22:20 | Create | Villager (Male) |
| 22:20 | Create | Villager (Male) |
| 22:25 | Create | Petard |
| 22:25 | Create | Petard |
| 22:53 | Create | Samurai |
| 22:53 | Create | Samurai |
| 22:53 | Create | Samurai |
| 22:53 | Create | Samurai |
| 22:54 | Create | Samurai |
| 23:06 | Build | Farm |
| 23:19 | Build | Barracks |
| 23:23 | Research | Wheelbarrow |
| 23:26 | Create | Samurai |
| 23:44 | Build | Farm |
| 23:45 | Build | Farm |
| 23:45 | Build | Farm |
| 23:46 | Build | Farm |
| 23:47 | Build | Farm |
| 23:51 | Create | Villager (Male) |
| 23:51 | Create | Villager (Male) |
| 23:52 | Create | Villager (Male) |
| 23:59 | Build | House |
| 24:01 | Build | House |
| 24:02 | Build | House |
| 24:05 | Build | House |
| 24:08 | Create | Villager (Male) |
| 24:08 | Create | Villager (Male) |
Build order — CorpOSK
First 150 of 467 actions detected
| 0:02 | Create | Villager (Male) ×4 |
| 0:07 | Build | House |
| 0:13 | Build | House |
| 1:34 | Create | Villager (Male) |
| 1:57 | Create | Villager (Male) |
| 2:05 | Build | Lumber Camp |
| 2:22 | Create | Villager (Male) |
| 3:10 | Create | Villager (Male) |
| 3:28 | Create | Villager (Male) |
| 3:39 | Build | House |
| 3:50 | Create | Villager (Male) |
| 4:22 | Create | Villager (Male) |
| 4:53 | Create | Villager (Male) |
| 5:21 | Create | Villager (Male) |
| 5:22 | Create | Villager (Male) |
| 5:46 | Create | Villager (Male) |
| 5:46 | Create | Villager (Male) |
| 6:12 | Create | Villager (Male) |
| 6:28 | Build | House |
| 7:04 | Research | Loom |
| 7:38 | Build | Mill |
| 8:07 | Create | Villager (Male) |
| 8:08 | Create | Villager (Male) |
| 8:08 | Create | Villager (Male) |
| 8:35 | Create | Villager (Male) |
| 9:06 | Research | Feudal Age |
| 9:43 | Create | Villager (Male) |
| 9:44 | Create | Villager (Male) |
| 9:54 | Build | House |
| 9:58 | Build | House |
| 9:59 | Build | House |
| 10:14 | Build | House |
| 10:25 | Build | Mining Camp |
| 10:47 | Create | Villager (Male) |
| 10:47 | Create | Villager (Male) |
| 10:58 | Build | Farm |
| 10:58 | Build | Farm |
| 10:58 | Build | Farm |
| 10:59 | Build | Farm |
| 10:59 | Build | Farm |
| 10:59 | Build | Farm |
| 11:48 | Build | Market |
| 11:55 | Build | Blacksmith |
| 11:58 | Build | House |
| 12:04 | Build | House |
| 12:07 | Build | House |
| 13:03 | Build | Lumber Camp |
| 13:13 | Create | Villager (Male) |
| 13:40 | Create | Villager (Male) |
| 13:55 | Research | Castle Age |
| 14:26 | Build | Barracks |
| 14:32 | Build | House |
| 14:34 | Build | House |
| 15:05 | Research | Double-Bit Axe |
| 15:10 | Research | Horse Collar |
| 16:31 | Create | Spearman |
| 16:35 | Create | Villager (Male) |
| 16:36 | Create | Villager (Male) |
| 16:56 | Build | Town Center |
| 17:00 | Build | Town Center |
| 17:23 | Create | Villager (Male) |
| 17:24 | Create | Villager (Male) |
| 17:30 | Build | Town Center |
| 17:44 | Create | Villager (Male) |
| 17:44 | Create | Villager (Male) |
| 18:12 | Build | Farm |
| 18:12 | Build | Farm |
| 18:13 | Build | Farm |
| 18:13 | Build | Farm |
| 18:13 | Build | Farm |
| 18:13 | Build | Farm |
| 18:25 | Create | Villager (Male) |
| 18:26 | Create | Villager (Male) |
| 18:44 | Create | Villager (Male) ×6 |
| 18:44 | Create | Villager (Male) |
| 18:55 | Create | Villager (Male) |
| 18:55 | Create | Villager (Male) |
| 18:55 | Create | Villager (Male) |
| 19:05 | Create | Villager (Male) ×4 |
| 19:05 | Create | Villager (Male) |
| 19:20 | Build | Farm |
| 19:20 | Build | Farm |
| 19:20 | Build | Farm |
| 19:21 | Build | Farm |
| 19:21 | Build | Farm |
| 19:21 | Build | Farm |
| 19:43 | Create | Villager (Male) ×3 |
| 19:43 | Create | Villager (Male) |
| 19:50 | Build | Farm |
| 19:50 | Build | Farm |
| 19:50 | Build | Farm |
| 19:51 | Build | Farm |
| 19:51 | Build | Farm |
| 19:51 | Build | Farm |
| 19:51 | Build | Farm |
| 19:52 | Build | Farm |
| 19:55 | Create | Villager (Male) |
| 19:55 | Create | Villager (Male) |
| 20:20 | Create | Villager (Male) |
| 20:27 | Create | Villager (Male) ×4 |
| 20:27 | Create | Villager (Male) |
| 20:31 | Build | House |
| 20:32 | Build | House |
| 20:33 | Build | House |
| 20:34 | Build | House |
| 20:35 | Build | House |
| 20:36 | Build | House |
| 20:38 | Create | Villager (Male) |
| 20:43 | Build | Farm |
| 20:44 | Build | Farm |
| 20:44 | Build | Farm |
| 20:45 | Build | Farm |
| 20:45 | Build | Farm |
| 20:48 | Create | Villager (Male) |
| 20:48 | Create | Villager (Male) |
| 20:55 | Build | Mill |
| 21:02 | Research | Loom |
| 21:10 | Create | Villager (Male) ×2 |
| 21:10 | Create | Villager (Male) |
| 21:27 | Create | Villager (Male) ×3 |
| 21:43 | Build | Stone Wall |
| 21:45 | Build | Stone Wall |
| 21:54 | Create | Villager (Male) ×4 |
| 21:54 | Create | Villager (Male) |
| 22:11 | Create | Villager (Male) ×2 |
| 22:11 | Create | Villager (Male) |
| 22:17 | Build | Barracks |
| 22:20 | Build | Siege Workshop |
| 22:22 | Build | Siege Workshop |
| 22:30 | Create | Villager (Male) ×3 |
| 22:30 | Create | Villager (Male) |
| 22:43 | Create | Villager (Male) |
| 22:47 | Build | Farm |
| 22:48 | Build | Farm |
| 22:48 | Build | Farm |
| 22:48 | Build | Farm |
| 22:49 | Build | Farm |
| 22:51 | Create | Villager (Male) ×2 |
| 22:51 | Create | Villager (Male) |
| 23:07 | Build | Stone Wall |
| 23:14 | Create | Villager (Male) ×3 |
| 23:14 | Create | Villager (Male) |
| 23:23 | Create | Mangonel |
| 23:23 | Create | Mangonel |
| 23:31 | Create | Villager (Male) ×2 |
| 23:31 | Create | Villager (Male) |
| 23:45 | Create | Villager (Male) ×3 |
| 23:45 | Create | Villager (Male) |
| 24:10 | Build | Farm |
| 24:10 | Build | Farm |
Build order — Thatmanzay
First 150 of 295 actions detected
| 0:06 | Build | House |
| 0:08 | Build | House |
| 0:08 | Create | Villager (Male) ×4 |
| 1:51 | Create | Villager (Male) |
| 2:27 | Build | Lumber Camp |
| 2:35 | Create | Villager (Male) |
| 3:44 | Create | Villager (Male) |
| 4:49 | Create | Villager (Male) |
| 4:49 | Create | Villager (Male) |
| 4:56 | Create | Villager (Male) |
| 5:18 | Create | Villager (Male) |
| 5:20 | Build | House |
| 5:22 | Build | House |
| 5:50 | Build | Mill |
| 5:54 | Create | Villager (Male) |
| 6:19 | Create | Villager (Male) |
| 6:39 | Create | Villager (Male) |
| 7:22 | Build | Mining Camp |
| 7:47 | Create | Villager (Male) |
| 7:47 | Create | Villager (Male) |
| 8:11 | Create | Villager (Male) |
| 8:16 | Build | Lumber Camp |
| 8:20 | Create | Villager (Male) |
| 8:26 | Create | Villager (Male) |
| 8:27 | Create | Villager (Male) |
| 9:44 | Build | Barracks |
| 9:56 | Build | House |
| 10:04 | Build | House |
| 10:10 | Create | Villager (Male) |
| 10:15 | Research | Feudal Age |
| 10:15 | Research | Loom |
| 10:48 | Build | Mining Camp |
| 11:16 | Create | Villager (Male) |
| 11:16 | Create | Villager (Male) |
| 12:29 | Create | Villager (Male) |
| 12:45 | Build | Stable |
| 12:57 | Build | Blacksmith |
| 13:46 | Create | Villager (Male) |
| 14:12 | Build | House |
| 14:16 | Create | Villager (Male) |
| 15:01 | Research | Castle Age |
| 16:25 | Research | Forging |
| 16:30 | Research | Horse Collar |
| 16:49 | Build | Farm |
| 16:56 | Build | Farm |
| 17:00 | Create | Spearman |
| 17:17 | Research | Double-Bit Axe |
| 18:02 | Build | Farm |
| 18:04 | Build | Farm |
| 18:04 | Build | Farm |
| 18:06 | Build | Farm |
| 18:15 | Build | Farm |
| 18:16 | Build | Farm |
| 18:17 | Build | Farm |
| 18:21 | Build | Farm |
| 18:23 | Build | Farm |
| 18:38 | Create | Spearman |
| 19:04 | Build | Castle |
| 19:13 | Create | Spearman |
| 19:28 | Build | Palisade Wall |
| 19:32 | Build | Palisade Wall |
| 19:36 | Build | Palisade Gate |
| 19:40 | Build | Palisade Wall |
| 20:33 | Research | Pikeman (upgrade) |
| 20:35 | Create | Battle Elephant |
| 20:44 | Create | Villager (Male) |
| 20:49 | Create | Villager (Male) |
| 20:55 | Build | Town Center |
| 21:13 | Create | Villager (Male) |
| 21:27 | Build | Siege Workshop |
| 21:44 | Build | Barracks |
| 21:47 | Build | Lumber Camp |
| 21:50 | Create | Battle Elephant |
| 22:22 | Create | Battle Elephant |
| 22:25 | Create | Villager (Male) |
| 22:50 | Create | Battle Elephant |
| 22:59 | Build | Farm |
| 23:01 | Create | Villager (Male) |
| 23:17 | Create | Villager (Male) |
| 23:37 | Create | Battle Elephant |
| 23:44 | Build | Farm |
| 24:42 | Create | Villager (Male) |
| 24:42 | Create | Villager (Male) |
| 24:47 | Create | Villager (Male) |
| 24:49 | Create | Villager (Male) |
| 25:12 | Build | Farm |
| 25:15 | Build | Farm |
| 25:19 | Create | Villager (Male) |
| 25:21 | Create | Villager (Male) |
| 25:32 | Build | Town Center |
| 25:41 | Build | Farm |
| 25:43 | Build | Farm |
| 25:44 | Create | Villager (Male) |
| 25:46 | Create | Villager (Male) |
| 26:00 | Create | Villager (Male) |
| 26:04 | Build | Farm |
| 26:06 | Build | Farm |
| 26:09 | Research | Heavy Plow |
| 26:13 | Create | Villager (Male) |
| 26:24 | Build | Farm |
| 26:30 | Build | Farm |
| 26:45 | Create | Villager (Male) |
| 26:45 | Create | Villager (Male) |
| 27:11 | Build | Farm |
| 27:15 | Build | Farm |
| 27:20 | Build | Farm |
| 27:21 | Create | Villager (Male) |
| 27:24 | Create | Villager (Male) |
| 27:30 | Build | Farm |
| 27:32 | Create | Villager (Male) |
| 27:39 | Build | Farm |
| 27:46 | Research | Wheelbarrow |
| 27:59 | Research | Gold Mining |
| 28:06 | Create | Villager (Male) |
| 28:08 | Build | Farm |
| 28:14 | Create | Villager (Male) |
| 28:15 | Create | Villager (Male) |
| 28:22 | Research | Bow Saw |
| 28:25 | Create | Villager (Male) |
| 28:25 | Create | Villager (Male) |
| 28:33 | Build | Farm |
| 28:41 | Build | Farm |
| 28:59 | Build | Farm |
| 29:07 | Build | Farm |
| 29:09 | Create | Villager (Male) |
| 29:31 | Build | Farm |
| 29:34 | Create | Villager (Male) |
| 29:37 | Research | Hand Cart |
| 29:40 | Build | Farm |
| 29:44 | Create | Villager (Male) |
| 29:45 | Create | Villager (Male) |
| 30:04 | Build | House |
| 30:05 | Build | House |
| 30:06 | Build | House |
| 30:07 | Build | House |
| 30:17 | Build | Farm |
| 30:20 | Build | Farm |
| 30:27 | Build | Farm |
| 30:29 | Create | Villager (Male) |
| 30:47 | Research | Imperial Age |
| 30:53 | Build | Farm |
| 30:57 | Create | Villager (Male) |
| 31:00 | Build | Farm |
| 31:03 | Create | Villager (Male) |
| 31:14 | Research | Gold Mining |
| 31:18 | Create | Villager (Male) |
| 31:25 | Build | Farm |
| 31:28 | Create | Villager (Male) |
| 31:37 | Create | Villager (Male) |
| 31:46 | Create | Villager (Male) |
Match timeline
| 7:58 | Hawk of Avalon · first_building Barracks |
| 9:44 | Thatmanzay · first_building Barracks |
| 12:02 | Hawk of Avalon · first_building Archery Range |
| 12:45 | Thatmanzay · first_building Stable |
| 14:26 | CorpOSK · first_building Barracks |
| 17:21 | CorpOSK · first_market_buy 100 stone |
| 18:14 | Wilbur · first_market_buy 100 stone |
| 18:34 | Hawk of Avalon · first_building Monastery |
| 18:50 | Wilbur · first_building Castle |
| 19:03 | Hawk of Avalon · first_building Stable |
| 19:04 | Thatmanzay · first_building Castle |
| 19:28 | Thatmanzay · wall_segment Palisade Wall x1 |
| 19:32 | Thatmanzay · wall_segment Palisade Wall x2 |
| 19:40 | Thatmanzay · wall_segment Palisade Wall x1 |
| 21:23 | CorpOSK · first_market_sell 500 wood |
| 21:27 | Thatmanzay · first_building Siege Workshop |
| 21:43 | CorpOSK · wall_segment Stone Wall x15 |
| 21:45 | CorpOSK · wall_segment Stone Wall x10 |
| 22:20 | CorpOSK · first_building Siege Workshop |
| 23:07 | CorpOSK · wall_segment Stone Wall x6 |
| 23:19 | Wilbur · first_building Barracks |
| 24:14 | CorpOSK · wall_segment Stone Wall x17 |
| 24:16 | CorpOSK · wall_segment Stone Wall x6 |
| 25:11 | Hawk of Avalon · first_building Castle |
| 26:12 | CorpOSK · first_building Castle |
| 32:20 | Wilbur · first_market_sell 500 wood |
| 42:32 | Wilbur · first_building Archery Range |
| 47:09 | Hawk of Avalon · first_market_sell 100 food |
| 50:39 | Hawk of Avalon · resign |
[ AI ANALYSIS · 1 CREDIT ]
What really happened in this match?
Wolo.gg analyzes every decision: build order, eco, micro, common mistakes by bracket. Personalized analysis on WhatsApp or Discord in 30 seconds.
Civ guide
Byzantines
Perfil
Jugador #441759